 Dungeon Crawl Stone Soup version 0.27.0-1-g7a089689b8 (webtiles) character file.

Game seed: 2783231112248464650

162 Spaninq the Insei (level 4, -3/36 HPs)
             Began as a Demigod Transmuter on Aug 4, 2021.
             Killed from afar by an orc wizard (8 damage)
             ... with a magic dart
             ... on level 4 of the Dungeon.
             The game lasted 00:06:45 (3109 turns).

Spaninq the Insei (Demigod Transmuter)              Turns: 3109, Time: 00:06:45

Health: -3/36      AC:  3    Str: 11    XL:     4   Next: 99%
Magic:  10/10      EV: 12    Int: 19    God:
Gold:   82         SH:  0    Dex: 14    Spells: 4/7 levels left

rFire    + . .     SeeInvis .     - Unarmed
rCold    + . .     Faith    .   (no shield)
rNeg     . . .     Spirit   .   k - +1 robe {rC+ rF+}
rPois    +         Reflect  .   (helmet currently unavailable)
rElec    .         Harm     .   (no cloak)
rCorr    .         Rampage  .   (no gloves)
Will     .....                  (boots currently unavailable)
Stlth    +.........             h - amulet of magic regeneration
HPRegen  0.12/turn              g - ring of poison resistance
MPRegen  0.37/turn              (no ring)

@: confused, appendages
A: horns 2, talons 2, high mp 1, forlorn
a: End Transformation


You were on level 4 of the Dungeon.
You had temporarily grown beastly horns and talons.
You visited 1 branch of the dungeon, and saw 4 of its levels.

You collected 82 gold pieces.

Inventory:

Armour
 k - a +1 robe of resistance (worn)
Magical Staves
 a - a staff of earth
Jewellery
 g - a ring of poison resistance (left hand)
 h - an amulet of magic regeneration (around neck)
Scrolls
 c - 3 scrolls of identify {unknown}
 d - 2 scrolls of fear {unknown}
 e - a scroll of noise {unknown}
 f - a scroll of teleportation {unknown}
Potions
 b - 2 potions of might {unknown}
 i - a potion of haste {unknown}
 j - a potion of heal wounds {unknown}


   Skills:
 + Level 1.8 Fighting
 + Level 2.5 Dodging
 * Level 3.8 Unarmed Combat
 + Level 2.4 Spellcasting
 + Level 2.5 Transmutations


You had 4 spell levels left.
You knew the following spells:

 Your Spells              Type           Power      Damage    Failure   Level
a - Beastly Appendage     Tmut           24%        N/A       6%          1
b - Wereblood             Tmut           12%        N/A       9%          2

Your spell library contained the following spells:

 Spells                   Type           Power      Damage    Failure   Level
 Spider Form              Tmut/Pois      3%         N/A       28%         3
 Ice Form                 Ice/Tmut       7%         N/A       67%         4


Dungeon Overview and Level Annotations

Branches:
Dungeon (4/15)
 Temple: D:4-7

Shops:
D:3 :


Innate Abilities, Weirdness & Mutations

You have temporarily grown beastly horns and talons.
Your attributes grow dramatically as you level up.
You have an increased reservoir of magic. (+10% MP)
You shall have no god before yourself.


Message History

You miss something. Something hits you but does no damage.
You barely miss something. You claw something. Something hits you.
You miss something. You claw something. You headbutt something.
You hear some strange, mumbled words.
A magic dart appears from out of thin air!
The magic dart hits you!
You hit something.
You feel a bit better.
Reactivating autopickup.
You feel a bit more experienced.
The jackal bites you but does no damage.
You hit the jackal. You claw the jackal.
You feel a bit better.
You kill the jackal!
Your primal bloodlust has ended.
Something hits you but does no damage.
Deactivating autopickup; reactivate with Ctrl-A.
You hit something. You claw something! Your headbutt misses something.
Something hits you.
You closely miss something. Something hits you.
You miss something. Your kick misses something. Something hits you.
You miss something. You headbutt something.
Your horns disappear.
Your talons disappear.
Something hits you but does no damage.
You hit something but do no damage.
The orc throws a boomerang.
The boomerang barely misses you. Something hits you but does no damage.
Casting: Beastly Appendage (safe; 6% risk of failure)
Confirm with . or Enter, or press ? or * to list all spells.
You grow a pair of large bovine horns.
Your feet morph into talons.
The orc throws a boomerang.
The boomerang hits you.
You hear some strange, mumbled words.
You are confused.
You're too confused to cast spells.
The orc wizard casts a spell.
The orc wizard flickers and vanishes!
A magic dart appears from out of thin air!
The magic dart hits you!
* * * LOW HITPOINT WARNING * * *
You bump into the rock wall.
A magic dart appears from out of thin air!
The magic dart hits you!
You die...

########....#
#....######
+.)......>#
##....####.# #.....#
#.# ####.#.######.#
.....#........#
##......o###########
#.......J{{.@.......
#........###########
#........#
#........#
#........#
#........#
#........#
#........#
.....#####


You could see an orc and an endoplasm.

Vanquished Creatures
  2 orc wizards
  5 adders
  A dart slug (D:3)
  A worm (D:3)
  3 orcs (D:2)
  8 endoplasms
  2 giant cockroaches (D:2)
  6 goblins
  5 hobgoblins
  6 jackals
  2 quokkas
  4 bats
  4 frilled lizards
  5 kobolds
  3 rats
57 creatures vanquished.

Notes
Turn   | Place    | Note
-------+----------+-------------------------------------------
     0 | D:1      | Spaninq the Demigod Transmuter began the quest for the Orb.
     0 | D:1      | Reached XP level 1. HP: 15/15 MP: 5/5
   345 | D:1      | Reached skill level 1 in Fighting
  1065 | D:1      | Reached XP level 2. HP: 17/23 MP: 7/7
  1210 | D:1      | Reached skill level 3 in Unarmed Combat
  1250 | D:1      | Learned a level 2 spell: Wereblood
  1374 | D:2      | Reached XP level 3. HP: 27/28 MP: 8/8
  1809 | D:2      | Reached XP level 4. HP: 16/35 MP: 10/10
  2416 | D:3      | Found Jostropio's Book Boutique.
  3109 | D:4      | Killed from afar by an orc wizard

Illustrated notes

Levels and vault maps discovered:
D:1:      eino_arrival_cavern_e, layout_basic, basic_ecumenical_altar,
          minmay_split_cup_small
D:2:      layout_loops_ring
D:3:      layout_rooms, serial_shops, shop, hex_intersection
D:4:      layout_basic, serial_shops, nicolae_shop_window_shopping

Skill      XL: |  1  2 |
---------------+-------+-----
Fighting       | 1 |  1.8
Unarmed Combat | 3 |  3.8
Dodging        | 2 |  2.5
Spellcasting   | 2 |  2.4
Transmutations | 2 |  2.5

Action                   |  1- 3 |  4- 6 || total
-------------------------+-------+-------++-------
Melee: Unarmed           |    98 |    76 ||   174
       Punch             |     1 |       ||     1
       Headbutt          |    12 |    10 ||    22
       Kick              |     8 |    18 ||    26
 Cast: Beastly Appendage |    10 |    17 ||    27
       Wereblood         |     8 |     8 ||    16
 Stab: Sleeping          |     1 |       ||     1
Armor: Robe              |    19 |    16 ||    35
Dodge: Dodged            |    50 |    46 ||    96
